 Dungeon Crawl Stone Soup version 0.28-a0-691-gad6df49e81 (webtiles) character file.

Game seed: 11961258936520979007

28 KoroneIsBestGirl the Chiller (level 3, -4/24 HPs)
             Began as a Barachi Ice Elementalist on Oct 21, 2021.
             Killed by nerve-wracking pain
             ... invoked by Jessica
              (12 damage)
             ... on level 2 of the Dungeon.
             The game lasted 00:01:28 (1353 turns).

KoroneIsBestGirl the Chiller (BaIE)                 Turns: 1353, Time: 00:01:29

Health: -4/24      AC:  2    Str:  9    XL:     3   Next: 14%
Magic:  2/7        EV: 12    Int: 16    God:
Gold:   36         SH:  0    Dex: 12    Spells: 3/7 levels left

rFire   . . .      SeeInvis .   b - staff of air
rCold   . . .      Faith    .   (no shield)
rNeg    . . .      Spirit   .   a - +0 robe
rPois   .          Reflect  .   (no helmet)
rElec   +          Harm     .   (no cloak)
rCorr   .          Rampage  .   (no gloves)
Will    .....                   (no boots)
Stlth   ++........              (no amulet)
HPRegen 0.08/turn               (no ring)
MPRegen 0.10/turn               (no ring)

@: very slightly contaminated, slow
A: amphibious, slowness 1, strong legs 1, +LOS
a: Hop


You were on level 2 of the Dungeon.
You visited 1 branch of the dungeon, and saw 2 of its levels.

You collected 36 gold pieces.

Inventory:

Armour
 a - a +0 robe (worn)
Magical Staves
 b - a staff of air (weapon)
Jewellery
 c - a +4 ring of slaying
Scrolls
 d - a scroll of fog {unknown}
 e - a scroll of blinking {unknown}
 f - a scroll of summoning {unknown}


   Skills:
 + Level 2.9 Dodging
 - Level 1.7 Stealth
 + Level 2.7 Spellcasting
 + Level 5.2 Ice Magic


You had 3 spell levels left.
You knew the following spells:

 Your Spells              Type           Power      Damage    Failure   Level
a - Freeze                Ice            76%        1d9       2%          1
b - Frozen Ramparts       Ice            38%        1d5       7%          3

Your spell library contained the following spells:

 Spells                   Type           Power      Damage    Failure   Level
 Ozocubu's Armour         Ice            19%        N/A       7%          3
 Magic Dart               Conj           8%         1d3       19%         1
 Call Imp                 Summ           2%         N/A       28%         2
 Mephitic Cloud           Conj/Pois/Air  3%         N/A       50%         3
 Hailstorm                Conj/Ice       10%        3d5       54%         4


Dungeon Overview and Level Annotations

Branches:
Dungeon (2/15)

Altars:

Annotations:
D:2 Jessica


Innate Abilities, Weirdness & Mutations

You are amphibious.
You cover ground slowly.
You can hop short distances.
You have an extended range of vision and can be seen from far away.


Message History

A goblin is nearby!
You freeze the goblin!
You kill the goblin!
You can't see any susceptible monsters within range! (Use Z to cast anyway.)
You can't see any susceptible monsters within range! (Use Z to cast anyway.) Magic restored.
Things that are here:
a +0 dagger; a goblin corpse
Found a shiny ring mail.
No target in view!
No target in view!
A rat and Jessica come into view.
Jessica is wielding a +2 dagger of holy wrath.
Found a leather armour.
Jessica shouts!
The rat moves out of view.
Found a stone staircase leading up.
Jessica hits you with a +2 dagger of holy wrath!
The rat twitches its whiskers.
You freeze Jessica.
Jessica is lightly wounded.
Jessica hits you with a +2 dagger of holy wrath.
You freeze Jessica.
Jessica is lightly wounded.
Jessica hits you with a +2 dagger of holy wrath.
You are too injured to fight recklessly!
You are too injured to fight recklessly!
You are too injured to fight recklessly!
Casting: Freeze (safe; 2% risk of failure)
Confirm with . or Enter, or press ? or * to list all spells.
The spell is quite dangerous to cast (7% risk of failure)!
Continue anyway?
Casting: Frozen Ramparts (quite dangerous; 7% risk of failure)
Press: ? - help, Dir - look around, f - activate You miscast Frozen Ramparts.
You are very lightly contaminated with residual magic.
Nothing appears to happen.
Jessica gestures at you while chanting. Pain shoots through your body!
Ouch! That really hurt!
You die...

#....[##.# ###
#..#####.# ..
#........# .##
###.##
#.########
#..< ....# #.#
##[.. #..# #.#
......#..###.#
#.....r.....#
..#####@#####
#@# ..# ####


You could see Jessica and a rat.

Vanquished Creatures
  6 goblins
  3 hobgoblins (D:1)
  3 jackals (D:1)
  A quokka (D:1)
  3 ball pythons (D:1)
  2 bats (D:1)
  A frilled lizard (D:1)
  4 kobolds (D:1)
  5 rats
28 creatures vanquished.

Notes
Turn   | Place    | Note
-------+----------+-------------------------------------------
     0 | D:1      | KoroneIsBestGirl the Barachi Ice Elementalist began the
                  | quest for the Orb.
     0 | D:1      | Reached XP level 1. HP: 13/13 MP: 3/3
   258 | D:1      | Reached skill level 5 in Ice Magic
   258 | D:1      | Reached XP level 2. HP: 19/19 MP: 1/5
   954 | D:1      | Reached XP level 3. HP: 24/24 MP: 5/7
  1278 | D:1      | Learned a level 3 spell: Frozen Ramparts
  1349 | D:2      | Noticed Jessica
  1353 | D:2      | Killed from afar by Jessica

Illustrated notes

Levels and vault maps discovered:
D:1:      nicolae_arrival_washed_ashore, layout_loops_cross, minmay_distorted
D:2:      layout_loops_cross, uniq_jessica

Skill      XL: |  1 |
---------------+----+-----
Ice Magic      | 5 |  5.2
Dodging        | |  2.9
Stealth        | |  1.7
Spellcasting   | |  2.7

Action                   || total
-------------------------++-------
Melee: Staff             ||    13
 Cast: Freeze            ||    34
Armor: Robe              ||     5
Dodge: Dodged            ||    26

Table legend: (Time is in decaauts)
 A = Elapsed time spent in this place.
 B = Non-inter-level travel time spent in this place.
 C = Inter-level travel time spent in this place.
 D = Time resting spent in this place.
 E = Time spent auto-exploring this place.
 F = Levels seen in this place.
 G = Mean time per level.
                   A        B        C        D        E       F      G
               +--------+--------+--------+--------+--------+-----+--------+
         Total |   1494 |   1455 |     39 |      0 |   1277 |   2 |  747.0 |
       Dungeon |   1494 |   1455 |     39 |      0 |   1277 |   2 |  747.0 |
               +--------+--------+--------+--------+--------+-----+--------+

Top non-repeatable levels by time:
     D:1: 1439 daAuts
     D:2: 54 daAuts
